 Dungeon Crawl Stone Soup version 0.27.0-1-g7a089689b8 (webtiles) character file.

Game seed: 2570467012479458272

8 Rassilon the Cutter (level 2, 0/16 HPs)
             Began as a Vine Stalker Berserker on Aug 1, 2021.
             Was a Follower of Trog.
             Hit by a stone thrown by a kobold (1 damage)
             ... on level 1 of the Dungeon.
             The game lasted 00:00:29 (134 turns).

Rassilon the Cutter (Vine Stalker Berserker)         Turns: 134, Time: 00:00:29

Health: 0/16       AC:  2    Str: 19    XL:     2   Next: 8%
Magic:  0/3        EV: 12    Int:  7    God:    Trog [*.....]
Gold:   8          SH:  0    Dex: 13    Spells: 1/1 levels left

rFire    . . .     SeeInvis .   a - +0 short sword
rCold    . . .     Faith    .   (no shield)
rNeg     . . .     Spirit   +   b - +0 animal skin
rPois    .         Reflect  .   (no helmet)
rElec    .         Harm     .   (no cloak)
rCorr    .         Rampage  .   (no gloves)
Will     .....                  (no boots)
Stlth    +.........             (no amulet)
HPRegen  0.05/turn              (no ring)
MPRegen  0.08/turn              (no ring)

@: on berserk cooldown, slowed, very slow
A: fangs 2, magic shield, antimagic bite, no potion heal 2
a: Renounce Religion, Berserk


You were on level 1 of the Dungeon.
You worshipped Trog.
Trog was aware of your devotion.
You visited 1 branch of the dungeon, and saw 1 of its levels.

You collected 8 gold pieces.

Inventory:

Hand Weapons
 a - a +0 short sword (weapon)
Armour
 b - a +0 animal skin (worn)
Scrolls
 c - a scroll of identify {unknown}


   Skills:
 + Level 2.8 Fighting
 * Level 2.9 Short Blades
 + Level 1.7 Armour
 - Level 1.5 Dodging
 + Level 0.7 Stealth


You had one spell level left.
You didn't know any spells.
Your spell library was empty.

Dungeon Overview and Level Annotations

Branches:
Dungeon (1/15)

Altars:


Innate Abilities, Weirdness & Mutations

You have extremely sharp teeth.
When hurt, damage is shared between your health and your magic reserves.
Your bite disrupts and absorbs the magic of your enemies.
Potions cannot restore your health.


Message History

You kill the jackal!
Trog accepts your kill. The jackal closely misses you.
The jackal bites you but does no damage.
You closely miss the jackal. The jackal bites you. x2
You puncture the jackal!
You kill the jackal!
Trog accepts your kill. The jackal closely misses you.
An endoplasm comes into view.
You have reached level 2!
You puncture the jackal!
You kill the jackal!
Trog accepts your kill.
You feel a strong urge to attack something.
You are no longer berserk.
You are exhausted.
You feel yourself slow down.
You start resting.
An endoplasm is nearby!
A kobold comes into view. It is wielding a +0 whip.
The kobold shouts!
An endoplasm comes into view.
You see here 5 boomerangs.
The endoplasm freezes you.
You are frozen.
* * * LOW HITPOINT WARNING * * *
The kobold throws a stone.
The stone barely misses you. The endoplasm hits you.
* * * LOW HITPOINT WARNING * * *
You hit the endoplasm but do no damage. You bite the endoplasm.
You drain its power.
You feel invigorated.
The endoplasm is heavily wounded.
The endoplasm freezes you.
You are frozen.
The endoplasm barely misses you.
You hit the endoplasm. Your bite misses the endoplasm.
The endoplasm is almost dead.
The endoplasm hits you but does no damage.
The kobold throws a stone.
The stone hits you.
You die...

##...## #. ........
#.....#..# #...#..# #
#..<..#..####...#..####.#
#.....#......>..#........
##...###.####...........#
+###'#.........(.K....#
...###......##..K#..###.##
............##...#........
###.####....##.†@#.####.##
+..............J†.......
#.####..#.##..##.####.##
#..#.##.......
#.........##.#.#
#...#..#..##.#.#
#...#..#..##.# #
....#..#......
...............


You could see an endoplasm and a kobold.

Vanquished Creatures
  A bat (D:1)
  An endoplasm (D:1)
  4 jackals (D:1)
6 creatures vanquished.

Notes
Turn   | Place    | Note
-------+----------+-------------------------------------------
     0 | D:1      | Rassilon the Vine Stalker Berserker began the quest for the
                  | Orb.
     0 | D:1      | Reached XP level 1. HP: 11/11 MP: 2/2
   119 | D:1      | Reached XP level 2. HP: 8/16 MP: 1/3
   134 | D:1      | Hit by a stone thrown by a kobold

Illustrated notes

Levels and vault maps discovered:
D:1:      noname_arrival_rooms_in_the_neighbourhood, layout_basic, nrook_uturn,
          solitary_fountain

Action                   || total
-------------------------++-------
Melee: Short sword       ||    14
       Bite              ||     5
Invok: Berserk           ||     1
Armor: Animal skin       ||     2
Dodge: Dodged            ||     8
